Map: Emerald City LE

Players

OpuS

  • Race: Protoss Protoss
  • League: Platinum
  • Spawn Location: 11:00

Sketchaphone

  • Race: Zerg Zerg
  • League: Platinum
  • Spawn Location: 11:00

Zren

  • Race: Protoss Protoss
  • League: Diamond
  • Spawn Location: 5:00

Vagisil

  • Race: Zerg Zerg
  • League: Gold
  • Spawn Location: 5:00

VOD

Have the link to the VOD?

Description

Time

  • Played on: Feb. 12, 2019, 9:42 p.m.
  • Length: 11:43
Show
View Real Time Build Order
Export as new Build Order

OpuS Protoss 

Build Orders: 1 Gate Expand, Oracle Opening 

Get SALT Encoding   

  12  0:01  Probe  
  13  0:13  Probe  
  14  0:23  Pylon  
  14  0:25  Probe  
  15  0:40  Probe  
  15  0:42  Gateway  
  15  0:48  Probe  
  15  0:49  Assimilator  
  17  0:58  Probe  
  18  1:10  Probe  
  19  1:32  Cybernetics Core  
  19  1:38  Nexus  
  19  1:44  Pylon, Probe  
  20  2:01  Warp Gate  
  20  2:08  Forge  
  20  2:26  Probe  
  21  2:30  Zealot  
  23  2:48  Stargate  
  23  2:50  Gateway  
  22  2:54  Probe  
  23  3:00  Zealot  
  23  3:03  Probe  
  26  3:10  Pylon  
  26  3:15  Probe  
  27  3:21  Assimilator  
  27  3:28  Gateway  
  27  3:37  Zealot x2  
  27  3:41  Probe, Oracle  
  32  3:53  Probe  
  36  4:13  Stalker  
  36  4:16  Zealot  
  40  4:32  Probe  
  31  4:41  Zealot x3  
  37  4:49  Void Ray  
  39  5:12  Robotics Facility  
  39  5:13  Gateway  
  39  5:22  Probe  
  39  5:28  Pylon  
  34  5:30  Pylon  
  34  5:31  Pylon  
  34  5:34  Probe  
  35  5:47  Zealot x3  
  41  6:02  Immortal  
  45  6:08  Zealot  
  45  6:09  Zealot x2  
  49  6:18  Zealot  
  33  6:35  Zealot  
  33  6:45  Probe  
  34  6:56  Probe  
  35  7:12  Probe  
  36  7:24  Probe  
  37  7:36  Probe  
  38  8:02  Nexus  
  38  8:21  Phoenix  
  38  8:23  Stalker x2  
  38  8:26  Stalker  
  30  8:43  Stalker  
  28  8:54  Zealot  
  30  9:07  Probe  
  30  9:09  Stalker  
  33  9:19  Probe  
  33  9:20  Pylon  
  34  9:38  Stalker  
  34  9:39  Probe  
  33  9:57  Stalker  
  33  9:59  Probe  
  36  10:01  Probe  
  27  10:22  Stalker, Probe x2  
  29  10:34  Probe  
  30  10:36  Probe  
  31  10:56  Fleet Beacon  
  26  11:22  Pylon  
  26  11:27  Shield Battery  
Show
View Real Time Build Order
Export as new Build Order

Sketchaphone Zerg 

Build Orders: Hatch First 

Get SALT Encoding   

  12  0:01  Drone  
  13  0:13  Overlord  
  13  0:18  Drone  
  14  0:31  Drone x2  
  16  0:52  Hatchery  
  15  0:58  Drone x2  
  15  1:03  Drone, Extractor  
  17  1:10  Drone  
  18  1:20  Drone  
  19  1:30  Drone  
  20  1:41  Overlord  
  20  1:55  Spawning Pool  
  19  2:19  Drone  
  19  2:21  Drone x4  
  24  2:23  Evolution Chamber  
  23  2:47  Spine Crawler  
  23  2:50  Spine Crawler  
  21  2:52  Hatchery  
  22  3:00  Zergling x2, Roach Warren  
  20  3:06  Drone  
  20  3:07  Drone x3  
  24  3:13  Drone x2  
  26  3:25  Zerg Ground Armor Level 1  
  26  3:27  Metabolic Boost  
  26  3:45  Drone x3  
  29  4:01  Zergling x2  
  29  4:07  Queen  
  29  4:08  Zergling x4  
  33  4:10  Spine Crawler x2  
  31  4:20  Roach  
  31  4:21  Roach  
  35  4:31  Overlord  
  35  4:35  Spine Crawler  
  35  4:37  Drone  
  35  4:45  Zergling x4  
  35  4:48  Drone  
  36  4:57  Roach  
  38  5:03  Roach x2  
  42  5:15  Roach  
  43  5:29  Overlord x2  
  43  5:45  Lair  
  43  5:47  Drone x2  
  43  5:48  Extractor  
  44  5:53  Hatchery  
  43  5:59  Queen  
  43  6:00  Drone x3  
  48  6:04  Roach x3  
  53  6:11  Hatchery  
  53  6:15  Roach  
  53  6:16  Roach x3  
  58  6:19  Roach  
  60  6:27  Overlord  
  59  6:56  Spine Crawler  
  59  6:58  Spine Crawler x2  
  59  6:59  Drone x8  
  59  7:00  Spine Crawler  
  63  7:18  Extractor  
  63  7:20  Drone x2  
  63  7:22  Extractor  
  63  7:29  Zergling x10  
  68  7:35  Roach  
  68  7:36  Roach  
  72  7:46  Roach  
  72  7:47  Roach x2  
  78  7:57  Zerg Ground Armor Level 2  
  70  8:15  Roach x4  
  70  8:16  Roach  
  70  8:18  Overlord  
  74  8:30  Roach x4  
  80  8:37  Spore Crawler  
  80  8:40  Spore Crawler  
  66  8:55  Spire  
  66  9:02  Queen  
  67  9:03  Drone x3  
  67  9:09  Ravager x3, Spore Crawler  
  72  9:11  Spore Crawler  
  67  9:26  Spore Crawler  
  67  9:27  Spore Crawler  
  63  9:32  Roach x3  
  63  9:35  Overlord  
  69  9:50  Overlord x2  
  69  9:59  Spore Crawler  
  52  10:19  Roach x6  
  60  10:26  Roach x2  
  51  10:29  Roach  
  51  10:35  Roach  
  39  10:54  Drone  
Show
View Real Time Build Order
Export as new Build Order

Zren Protoss 

Build Orders: Forge Fast Expand (FFE) 

Get SALT Encoding   

  12  0:07  Probe  
  13  0:18  Pylon  
  13  0:20  Probe  
  14  0:36  Forge  
  14  0:40  Probe  
  15  0:49  Probe  
  16  0:57  Probe  
  17  1:06  Probe  
  18  1:26  Nexus  
  18  1:35  Probe  
  19  1:45  Pylon  
  19  1:53  Pylon  
  19  2:00  Pylon  
  19  2:10  Photon Cannon  
  19  2:11  Photon Cannon  
  18  2:18  Pylon  
  18  2:19  Photon Cannon  
  19  2:27  Gateway  
  18  2:43  Probe  
  18  2:44  Probe  
  20  2:46  Pylon  
  20  2:55  Probe  
  20  2:56  Probe  
  22  3:07  Probe  
  22  3:08  Probe  
  24  3:17  Pylon  
  24  3:19  Probe  
  25  3:20  Pylon, Probe  
  25  3:22  Pylon  
  25  3:23  Pylon  
  26  3:27  Probe  
  26  3:28  Probe  
  28  3:35  Probe  
  28  3:36  Probe  
  28  3:38  Photon Cannon  
  28  3:40  Photon Cannon  
  30  3:47  Photon Cannon  
  30  3:54  Photon Cannon  
  30  3:56  Probe x2  
  32  4:04  Probe  
  32  4:07  Assimilator  
  32  4:08  Probe, Assimilator  
  34  4:12  Probe  
  35  4:20  Probe  
  35  4:22  Probe  
  37  4:32  Probe  
  37  4:34  Probe  
  37  4:35  Cybernetics Core  
  37  4:37  Nexus  
  37  4:38  Pylon  
  39  4:41  Photon Cannon  
  39  4:48  Photon Cannon  
  39  4:51  Photon Cannon  
  39  4:56  Probe  
  39  4:57  Probe  
  37  5:08  Probe x2  
  35  5:16  Probe x2  
  37  5:24  Probe x2  
  37  5:28  Photon Cannon  
  38  5:29  Photon Cannon  
  39  5:36  Photon Cannon  
  39  5:37  Probe  
  39  5:38  Probe  
  39  5:40  Pylon  
  41  5:51  Probe  
  41  5:52  Probe x2  
  44  6:03  Probe  
  44  6:04  Pylon, Probe x2  
  46  6:08  Assimilator  
  47  6:15  Probe  
  47  6:16  Probe x2, Assimilator  
  50  6:28  Probe x3, Assimilator  
  50  6:29  Photon Cannon  
  50  6:32  Assimilator  
  53  6:35  Stargate  
  53  6:39  Stargate  
  53  6:40  Probe  
  53  6:41  Protoss Air Weapons Level 1  
  54  6:47  Probe  
  54  6:48  Probe  
  54  6:52  Probe  
  57  7:04  Cybernetics Core  
  57  7:06  Pylon  
  57  7:12  Stargate  
  57  7:18  Probe  
  57  7:20  Photon Cannon  
  57  7:21  Shield Battery  
  57  7:22  Probe x2  
  60  7:33  Stargate  
  60  7:36  Phoenix x2  
  64  7:41  Protoss Air Armor Level 1  
  64  7:49  Phoenix  
  64  7:53  Phoenix x2  
  70  8:35  Phoenix x2  
  70  8:36  Phoenix x2  
  78  8:45  Photon Cannon  
  78  8:48  Protoss Shields Level 1  
  78  8:52  Pylon  
  78  8:54  Pylon  
  78  8:58  Fleet Beacon  
  78  9:01  Pylon  
  78  9:04  Phoenix  
  78  9:05  Stargate  
  78  9:06  Pylon  
  80  9:26  Warp Gate  
  80  9:37  Pylon  
  80  10:02  Carrier x3  
  80  10:03  Tempest  
  103  10:07  Phoenix  
  103  10:34  Tempest  
  108  10:54  Tempest  
  108  10:57  Tempest x2  
  108  10:58  Tempest  
Show
View Real Time Build Order
Export as new Build Order

Vagisil Zerg 

Build Orders: Hatch First 

Get SALT Encoding   

  12  0:01  Drone  
  13  0:09  Drone  
  14  0:19  Overlord  
  14  0:24  Extractor  
  14  0:25  Drone  
  14  0:26  Extractor  
  13  0:29  Drone  
  16  0:37  Drone  
  17  0:50  Drone  
  17  0:55  Drone  
  19  1:01  Hatchery  
  18  1:07  Extractor  
  17  1:15  Spawning Pool  
  16  1:19  Drone  
  16  1:21  Drone  
  18  1:36  Drone  
  18  1:38  Overlord  
  19  1:49  Drone  
  20  2:02  Drone  
  20  2:03  Queen  
  20  2:06  Metabolic Boost  
  23  2:12  Queen  
  23  2:14  Overlord  
  26  2:37  Drone x5  
  30  3:04  Evolution Chamber  
  29  3:10  Zergling x2  
  29  3:11  Zergling x10  
  35  3:18  Overlord  
  35  3:20  Zergling x2  
  35  3:22  Zergling x2  
  37  3:28  Hatchery  
  37  3:30  Zerg Ground Armor Level 1  
  36  3:46  Zergling x6  
  36  3:47  Zergling x8  
  43  3:49  Zergling x2  
  43  3:50  Zergling x2  
  46  3:55  Zergling x2  
  47  4:10  Drone x5  
  47  4:13  Overlord  
  48  4:23  Zergling x6  
  44  4:39  Zergling x8  
  44  4:40  Zergling x6  
  48  4:53  Lair, Roach Warren  
  48  4:59  Spore Crawler  
  46  5:01  Spore Crawler  
  46  5:05  Queen  
  47  5:08  Drone x4  
  48  5:26  Zergling x16  
  48  5:27  Zergling x2  
  57  5:34  Spore Crawler  
  57  5:35  Drone  
  57  5:36  Drone  
  58  5:50  Overlord, Drone  
  58  5:51  Drone x5  
  58  5:54  Extractor  
  58  5:56  Extractor  
  62  5:59  Zerg Missile Weapons Level 1  
  62  6:00  Extractor  
  62  6:01  Glial Reconstitution  
  48  6:41  Roach  
  48  6:42  Roach x10  
  62  6:57  Drone  
  62  6:58  Spine Crawler x2, Drone x6  
  62  7:00  Spine Crawler  
  66  7:07  Drone x5  
  71  7:17  Ravager x2  
  68  7:40  Hydralisk Den, Zergling x2  
  68  7:41  Zergling x12  
  68  7:43  Overlord x3  
  68  7:44  Overlord  
  74  7:52  Zerg Ground Armor Level 2  
  74  8:01  Queen  
  74  8:03  Roach x3  
  76  8:15  Roach  
  76  8:16  Roach x4  
  77  8:44  Grooved Spines  
  73  8:48  Hydralisk  
  73  8:49  Hydralisk x6  
  73  8:50  Zergling x2  
  88  9:02  Drone  
  89  9:03  Drone x3  
  89  9:04  Infestation Pit  
  91  9:21  Queen  
  93  9:26  Spine Crawler x2, Drone  
  93  9:27  Drone x4  
  96  9:34  Hydralisk  
  96  9:35  Roach  
  101  9:38  Ravager x2  
  101  9:39  Ravager x2  
  101  9:42  Roach  
  106  9:45  Overlord  
  106  9:57  Overlord x2  
  92  10:20  Hydralisk x3  
  92  10:21  Roach x5, Hydralisk  
  96  10:52  Drone x11  
  96  10:56  Extractor  
  106  10:57  Extractor  
  105  11:06  Hatchery  
  105  11:09  Roach, Hydralisk  
Tags
 
Add a new tag
Caveats
  • Supply blocks, unpowered buildings, or Contaminate may cause inaccurate times.
  • Supply counts are checked every 10 seconds.